Predators vs Canucks

Created - December-12-12 at 17:58

Goals
1 2 3 T
Predators 3 2 0 5
Canucks 1 2 0 3
Shots
1 2 3 T
Predators 14 10 1 25
Canucks 9 12 12 33

1st period

1. Predators , Steven Stamkos 17 (Mikhail Grabovski) at 0:05
2. Predators , Nicklas Backstrom 6 (Rostislav Klesla, Steven Stamkos) at 5:50 (PP)
3. Canucks , Henrik Zetterberg 9 (Loui Eriksson) at 8:53
4. Predators , Zbynek Michalek 1 (Wayne Simmonds, Steven Stamkos) at 17:18

Penalties :
Steven Stamkos (NSH) for Hooking (Minor) at 1:46, Radek Martinek (VAN) for Hooking (Minor) at 4:31, Dmitry Kulikov (VAN) for High sticking (Minor) at 12:10, Sean Couturier (NSH) for Interference (Minor) at 17:19

2nd period

5. Predators , Max Pacioretty 10 (Sean Couturier) at 7:47
6. Canucks , Maxime Talbot 6 (Ryan OReilly, Brooks Laich) at 8:31
7. Canucks , Brandon Sutter 2 (Corey Perry, Marco Scandella) at 9:26
8. Predators , Max Pacioretty 11 (Marian Gaborik, Rostislav Klesla) at 11:28

Penalties :
Rostislav Klesla (NSH) for Roughing (Minor) at 0:51, Brooks Laich (VAN) for Interference (Minor) at 4:51, Erik Karlsson (VAN) for Diving (Minor) at 9:08, Wayne Simmonds (NSH) for Interference (Minor) at 9:08, Marian Gaborik (NSH) for Holding (Minor) at 18:42

3rd period

No Goal

Penalties :
Henrik Zetterberg (VAN) for Interference (Minor) at 3:18, Erik Karlsson (VAN) for Cross-checking (Minor) at 3:35, Deryk Engelland (NSH) for Hooking (Minor) at 11:14, Braydon Coburn (NSH) for Roughing (Minor) at 18:40

Goalie Stats

Pekka Rinne (NSH), 30 saves from 33 shots - (0.909), W, 21-6-3, 60:00 minutes
Mike Murphy (VAN), 5 saves from 6 shots - (0.833), 32:13 minutes
Henrik Lundqvist (VAN), 15 saves from 19 shots - (0.789), L, 20-9-3, 27:47 minutes

Players Stats for Predators

Player Name              G  A  P  +/- PIM S  H  SB GA TA FO     MP     PP MP  PK MP  
------------------------------------------------------------------------------------
Braydon Coburn           0  0  0   1  2   3  7  4  0  0  0/0    22:57   4:05   5:31 
Deryk Engelland          0  0  0  -1  2   0  1  3  0  0  0/0     8:18   0:00   4:06 
Jeff Carter              0  0  0  -2  0   0  0  1  0  0  0/1    20:56   0:00   7:31 
Jeff Petry               0  0  0   1  0   3  2  1  0  0  0/0    16:44   4:05   0:48 
Marian Gaborik           0  1  1   2  2   4  0  0  0  0  1/5    16:16   4:16   0:00 
Max Pacioretty           2  0  2   2  0   4  0  0  0  0  1/1    16:02   4:10   0:00 
Mikhail Grabovski        0  1  1   1  0   0  0  0  0  0  8/15   14:41   4:10   0:00 
Nicklas Backstrom        1  0  1  -1  0   2  0  0  0  0  6/15   17:49   3:23   3:00 
Patric Hornqvist         0  0  0  -1  0   0  2  0  0  0  0/0    11:26   0:00   0:00 
Paul Gaustad             0  0  0   0  0   1  0  1  0  0  3/6     6:55   0:00   1:30 
Raffi Torres             0  0  0   0  0   0  0  0  0  0  0/0     6:08   0:00   0:43 
Roman Polak              0  0  0   1  0   1  1  5  0  0  0/0    16:03   0:00   6:44 
Rostislav Klesla         0  2  2   0  2   0  1  1  0  0  0/0    17:46   3:28   0:00 
Sean Couturier           0  1  1   2  2   0  0  0  0  0  11/32  18:35   0:00   6:44 
Shea Weber               0  0  0   0  0   0  2  1  0  0  0/0    17:47   3:28   0:00 
Steven Stamkos           1  2  3   0  2   2  1  0  0  0  2/2    15:52   3:23   0:00 
Wayne Simmonds           0  1  1   1  2   4  3  0  0  0  1/1    22:03   3:17   3:00 
Zbynek Michalek          1  0  1   0  0   1  0  0  0  0  0/0    20:22   0:00   5:19 

Players Stats for Canucks

Player Name              G  A  P  +/- PIM S  H  SB GA TA FO     MP     PP MP  PK MP  
------------------------------------------------------------------------------------
Alex Pietrangelo         0  0  0  -4  0   5  2  3  0  0  0/0    25:03   6:45   4:39 
Brandon Sutter           1  0  1   0  0   1  0  1  0  0  3/7     6:21   0:00   1:57 
Brooks Laich             0  1  1   1  2   1  2  1  0  0  10/14  16:08   0:00   3:37 
Corey Perry              0  1  1   0  0   2  1  1  0  0  0/0    21:19   6:15   0:00 
Dmitry Kulikov           0  0  0   0  2   1  5  1  0  0  0/0    18:56   4:29   1:59 
Erik Karlsson            0  0  0  -4  4   0  1  0  0  0  0/0    23:54   6:45   3:31 
Henrik Zetterberg        1  0  1  -1  2   5  2  0  0  0  13/25  19:33   4:59   0:44 
Kris Russell             0  0  0   1  0   0  1  0  0  0  0/0     2:53   0:00   0:00 
Loui Eriksson            0  1  1  -1  0   6  0  0  0  0  0/3    19:34   4:59   0:44 
Marco Scandella          0  1  1   2  0   0  1  0  0  0  0/0    15:23   0:00   3:11 
Matt Carle               0  0  0   1  0   4  1  0  0  0  0/0    20:46   4:29   0:55 
Maxime Talbot            1  0  1   1  0   2  2  0  0  0  1/1    16:02   0:00   3:33 
Mikko Koivu              0  0  0  -1  0   1  2  0  0  0  13/21  16:41   6:15   0:00 
Nick Foligno             0  0  0  -1  0   0  0  0  0  0  0/0     3:11   0:00   0:00 
Phil Kessel              0  0  0  -2  0   4  0  0  0  0  1/1    17:53   4:59   0:00 
Radek Martinek           0  0  0   2  2   0  0  2  0  0  0/0    13:01   0:00   0:50 
Ryan OReilly             0  1  1   1  0   1  0  0  0  0  3/4    15:21   0:00   2:49 
Valtteri Filppula        0  0  0  -1  0   0  0  0  0  0  1/2    16:41   6:15   0:00 

3 Stars

1 - Max Pacioretty (NSH)
2 - Steven Stamkos (NSH)
3 - Maxime Talbot (VAN)

Power Play

Predators - 1 on 5 Attempt(s) - 20.00%
Canucks - 0 on 6 Attempt(s) - 0.00%

Penalty Kill

Predators - 6 on 6 Attempt(s) - 100.00% - Score 0 goal in Penalty Kill
Canucks - 4 on 5 Attempt(s) - 80.00% - Score 0 goal in Penalty Kill

Official

Referees : Dave Jackson and Greg Kimmerly
Linesman : Mark Shewchyk and Shane Heyer

Game Notes

Mike Murphy enters game at 7:47 of 2nd period

Finance

Level 1 -- Attendance: 6500 (100.00%) -- Ticket Income $520,000
Level 2 -- Attendance: 4808 (96.16%) -- Ticket Income $312,520
Level 3 -- Attendance: 3336 (95.31%) -- Ticket Income $166,800
Level 4 -- Attendance: 2860 (100.00%) -- Ticket Income $71,500
Luxury Box -- Attendance: 946 (94.60%) -- Ticket Income $236,500
Game was played at the Rogers Arena
Total Attendance: 18450 (97.83%)
Total Ticket Income: $1,307,320
Other Income: $196,098
Total Income: $1,503,418


% Time on Ice - Predators

Lines # - Real PCT - Wanted PCT - Time Play
Normal Forward
1 - 27% - 34% - 10:31
2 - 30% - 32% - 11:52
3 - 29% - 26% - 11:26
4 - 14% - 8% - 5:25
Normal Defense
1 - 36% - 37% - 14:01
2 - 30% - 36% - 11:51
3 - 23% - 18% - 9:09
4 - 11% - 9% - 4:13
PP Forward
1 - 55% - 60% - 4:10
2 - 45% - 40% - 3:23
PP Defense
1 - 54% - 52% - 4:05
2 - 46% - 48% - 3:28
PK Forward
1 - 73% - 60% - 8:14
2 - 27% - 40% - 3:00
PK Defense
1 - 56% - 60% - 6:18
2 - 44% - 40% - 4:56
PK3 Forward
1 - 0% - 60%
2 - 0% - 40%
PK3 Defense
1 - 0% - 52%
2 - 0% - 48%
44 Forward
1 - 100% - 60% - 1:59
2 - 0% - 40% - 0:00
44 Defense
1 - 15% - 52% - 0:18
2 - 85% - 48% - 1:41
Last Minute Offensive  - 0:00
Last Minute Defensive  - 0:00
Total
Forward - 60:00
Defense - 60:00

% Time on Ice - Canucks

Lines # - Real PCT - Wanted PCT - Time Play
Normal Forward
1 - 35% - 37% - 13:51
2 - 27% - 31% - 10:26
3 - 30% - 24% - 11:46
4 - 8% - 8% - 3:11
Normal Defense
1 - 35% - 33% - 13:39
2 - 29% - 31% - 11:34
3 - 28% - 28% - 11:08
4 - 7% - 8% - 2:53
PP Forward
1 - 44% - 54% - 4:59
2 - 56% - 46% - 6:15
PP Defense
1 - 60% - 55% - 6:45
2 - 40% - 45% - 4:29
PK Forward
1 - 86% - 60% - 5:01
2 - 14% - 40% - 0:50
PK Defense
1 - 65% - 60% - 3:49
2 - 35% - 40% - 2:02
PK3 Forward
1 - 66% - 54% - 1:07
2 - 34% - 46% - 0:35
PK3 Defense
1 - 49% - 55% - 0:50
2 - 51% - 45% - 0:52
44 Forward
1 - 61% - 56% - 1:13
2 - 39% - 44% - 0:46
44 Defense
1 - 54% - 60% - 1:04
2 - 46% - 40% - 0:55
Last Minute Offensive  - 0:00
Last Minute Defensive  - 0:00
Total
Forward - 60:00
Defense - 60:00

Play by Play

1st period


0:01 of 1st period - Mikhail Grabovski wins face-off versus Loui Eriksson in neutral zone.
0:01 of 1st period - Mikhail Grabovski is hit by Henrik Zetterberg.
0:05 of 1st period - Shot by Steven Stamkos.
0:05 of 1st period - Goal by Steven Stamkos - Predators : 1 - Canucks : 0.
0:06 of 1st period - Mikko Koivu wins face-off versus Sean Couturier in neutral zone.
0:24 of 1st period - Shot by Max Pacioretty.
0:24 of 1st period - Shot Misses the Net.
0:26 of 1st period - Shot by Sean Couturier.
0:26 of 1st period - Shot Blocked by Dmitry Kulikov.
0:28 of 1st period - Shot by Braydon Coburn.
0:28 of 1st period - Stopped by Henrik Lundqvist without a rebound.
0:29 of 1st period - Ryan OReilly wins face-off versus Nicklas Backstrom in Canucks zone.
0:39 of 1st period - Off-side.
0:40 of 1st period - Mikhail Grabovski wins face-off versus Henrik Zetterberg in neutral zone.
1:40 of 1st period - Mikhail Grabovski is hit by Maxime Talbot and loses puck.
1:46 of 1st period - Minor Penalty to Steven Stamkos for Hooking.
1:47 of 1st period - Mikko Koivu wins face-off versus Sean Couturier in Predators zone.
1:48 of 1st period - Shot by Matt Carle.
1:48 of 1st period - Stopped by Pekka Rinne without a rebound.
1:49 of 1st period - Sean Couturier wins face-off versus Mikko Koivu in Predators zone.
2:19 of 1st period - Icing by Matt Carle.
2:20 of 1st period - Nicklas Backstrom wins face-off versus Valtteri Filppula in Canucks zone.
2:55 of 1st period - Shot by Erik Karlsson.
2:55 of 1st period - Shot Blocked by Deryk Engelland.
2:57 of 1st period - Shot by Alex Pietrangelo.
2:57 of 1st period - Stopped by Pekka Rinne with a rebound.
2:59 of 1st period - Shot by Phil Kessel.
2:59 of 1st period - Shot Misses the Net.
3:31 of 1st period - Shot by Henrik Zetterberg.
3:31 of 1st period - Stopped by Pekka Rinne without a rebound.
3:32 of 1st period - Nicklas Backstrom wins face-off versus Mikko Koivu in Predators zone.
3:53 of 1st period - Shot by Wayne Simmonds.
3:53 of 1st period - Stopped by Henrik Lundqvist without a rebound.
3:54 of 1st period - Brooks Laich wins face-off versus Nicklas Backstrom in Canucks zone.
4:20 of 1st period - Shea Weber is hit by Marco Scandella and loses puck.
4:31 of 1st period - Minor Penalty to Radek Martinek for Hooking.
4:32 of 1st period - Brooks Laich wins face-off versus Marian Gaborik in Canucks zone.
5:16 of 1st period - Shot by Marian Gaborik.
5:16 of 1st period - Shot Misses the Net.
5:50 of 1st period - Shot by Nicklas Backstrom.
5:50 of 1st period - Goal by Nicklas Backstrom - Predators : 2 - Canucks : 0.
5:51 of 1st period - Mikko Koivu wins face-off versus Paul Gaustad in neutral zone.
6:35 of 1st period - Mikko Koivu is hit by Roman Polak and loses puck.
6:57 of 1st period - Loui Eriksson is hit by Braydon Coburn and loses puck.
7:06 of 1st period - Radek Martinek is hit by Braydon Coburn and loses puck.
8:01 of 1st period - Shot by Jeff Carter.
8:01 of 1st period - Shot Misses the Net.
8:03 of 1st period - Shot by Jeff Carter.
8:03 of 1st period - Shot Blocked by Alex Pietrangelo.
8:36 of 1st period - Off-side.
8:37 of 1st period - Henrik Zetterberg wins face-off versus Mikhail Grabovski in neutral zone.
8:53 of 1st period - Shot by Henrik Zetterberg.
8:53 of 1st period - Goal by Henrik Zetterberg - Predators : 2 - Canucks : 1.
8:54 of 1st period - Brooks Laich wins face-off versus Marian Gaborik in neutral zone.
9:08 of 1st period - Shot by Sean Couturier.
9:08 of 1st period - Shot Blocked by Radek Martinek.
9:10 of 1st period - Shot by Sean Couturier.
9:10 of 1st period - Deflect By Marian Gaborik.
9:10 of 1st period - Stopped by Henrik Lundqvist with a rebound.
9:12 of 1st period - Shot by Jeff Petry.
9:12 of 1st period - Stopped by Henrik Lundqvist without a rebound.
9:13 of 1st period - Nicklas Backstrom wins face-off versus Henrik Zetterberg in Canucks zone.
10:17 of 1st period - Alex Pietrangelo is hit by Patric Hornqvist.
11:23 of 1st period - Shot by Brooks Laich.
11:23 of 1st period - Shot Misses the Net.
11:25 of 1st period - Shot by Maxime Talbot.
11:25 of 1st period - Shot Blocked by Jeff Petry.
11:35 of 1st period - Shot by Maxime Talbot.
11:35 of 1st period - Deflect By Brooks Laich.
11:35 of 1st period - Stopped by Pekka Rinne without a rebound.
11:36 of 1st period - Henrik Zetterberg wins face-off versus Sean Couturier in Predators zone.
12:10 of 1st period - Minor Penalty to Dmitry Kulikov for High sticking.
12:11 of 1st period - Max Pacioretty wins face-off versus Brooks Laich in Canucks zone.
12:19 of 1st period - Icing by Mikhail Grabovski.
12:20 of 1st period - Mikhail Grabovski wins face-off versus Brooks Laich in Predators zone.
12:27 of 1st period - Shot by Mikhail Grabovski.
12:27 of 1st period - Shot Misses the Net.
12:29 of 1st period - Shot by Marian Gaborik.
12:29 of 1st period - Shot Misses the Net.
12:31 of 1st period - Shot by Braydon Coburn.
12:31 of 1st period - Stopped by Henrik Lundqvist without a rebound.
12:32 of 1st period - Brooks Laich wins face-off versus Nicklas Backstrom in Canucks zone.
12:43 of 1st period - Rostislav Klesla is hit by Maxime Talbot and loses puck.
13:37 of 1st period - Shot by Braydon Coburn.
13:37 of 1st period - Shot Blocked by Brooks Laich.
13:45 of 1st period - Shot by Jeff Petry.
13:45 of 1st period - Stopped by Henrik Lundqvist without a rebound.
13:46 of 1st period - Mikhail Grabovski wins face-off versus Brandon Sutter in Canucks zone.
13:47 of 1st period - Shot by Marian Gaborik.
13:47 of 1st period - Stopped by Henrik Lundqvist with a rebound.
14:16 of 1st period - Shot by Wayne Simmonds.
14:16 of 1st period - Stopped by Henrik Lundqvist with a rebound.
14:18 of 1st period - Shot by Paul Gaustad.
14:18 of 1st period - Stopped by Henrik Lundqvist with a rebound.
14:34 of 1st period - Shot by Wayne Simmonds.
14:34 of 1st period - Stopped by Henrik Lundqvist with a rebound.
15:41 of 1st period - Shot by Loui Eriksson.
15:41 of 1st period - Shot Misses the Net.
16:24 of 1st period - Shot by Ryan OReilly.
16:24 of 1st period - Deflect By Brooks Laich.
16:24 of 1st period - Shot Blocked by Braydon Coburn.
16:28 of 1st period - Shot by Marco Scandella.
16:28 of 1st period - Shot Misses the Net.
16:36 of 1st period - Shot by Maxime Talbot.
16:36 of 1st period - Stopped by Pekka Rinne without a rebound.
16:37 of 1st period - Mikko Koivu wins face-off versus Sean Couturier in Predators zone.
16:56 of 1st period - Shot by Phil Kessel.
16:56 of 1st period - Stopped by Pekka Rinne without a rebound.
16:57 of 1st period - Mikhail Grabovski wins face-off versus Henrik Zetterberg in Predators zone.
17:14 of 1st period - Shot by Wayne Simmonds.
17:14 of 1st period - Stopped by Henrik Lundqvist with a rebound.
17:16 of 1st period - Shot by Zbynek Michalek.
17:16 of 1st period - Shot Blocked by Alex Pietrangelo.
17:18 of 1st period - Shot by Zbynek Michalek.
17:18 of 1st period - Goal by Zbynek Michalek - Predators : 3 - Canucks : 1.
17:19 of 1st period - Valtteri Filppula wins face-off versus Sean Couturier in neutral zone.
17:19 of 1st period - Minor Penalty to Sean Couturier for Interference.
17:20 of 1st period - Paul Gaustad wins face-off versus Henrik Zetterberg in Predators zone.
17:20 of 1st period - Paul Gaustad is hit by Alex Pietrangelo.
18:38 of 1st period - Shot by Valtteri Filppula.
18:38 of 1st period - Shot Blocked by Roman Polak.
18:40 of 1st period - Shot by Matt Carle.
18:40 of 1st period - Shot Blocked by Braydon Coburn.
18:47 of 1st period - Shot by Corey Perry.
18:47 of 1st period - Deflect By Mikko Koivu.
18:47 of 1st period - Shot Blocked by Braydon Coburn.
18:49 of 1st period - Shot by Matt Carle.
18:49 of 1st period - Stopped by Pekka Rinne without a rebound.
18:50 of 1st period - Henrik Zetterberg wins face-off versus Nicklas Backstrom in Predators zone.
19:01 of 1st period - Shot by Loui Eriksson.
19:01 of 1st period - Shot Blocked by Deryk Engelland.
19:03 of 1st period - Shot by Phil Kessel.
19:03 of 1st period - Stopped by Pekka Rinne without a rebound.
19:04 of 1st period - Nicklas Backstrom wins face-off versus Mikko Koivu in Predators zone.

2nd period


0:01 of 2nd period - Mikko Koivu wins face-off versus Mikhail Grabovski in neutral zone.
0:01 of 2nd period - Erik Karlsson is hit by Wayne Simmonds.
0:26 of 2nd period - Phil Kessel is hit by Jeff Petry and loses puck.
0:33 of 2nd period - Shot by Phil Kessel.
0:33 of 2nd period - Stopped by Pekka Rinne without a rebound.
0:34 of 2nd period - Sean Couturier wins face-off versus Henrik Zetterberg in Predators zone.
0:34 of 2nd period - Sean Couturier is hit by Corey Perry.
0:50 of 2nd period - Shot by Marian Gaborik.
0:50 of 2nd period - Shot Blocked by Corey Perry.
0:51 of 2nd period - Minor Penalty to Rostislav Klesla for Roughing.
0:52 of 2nd period - Sean Couturier wins face-off versus Loui Eriksson in Predators zone.
0:58 of 2nd period - Icing by Erik Karlsson.
0:59 of 2nd period - Sean Couturier wins face-off versus Henrik Zetterberg in Canucks zone.
2:09 of 2nd period - Shot by Matt Carle.
2:09 of 2nd period - Shot Misses the Net.
2:11 of 2nd period - Shot by Mikko Koivu.
2:11 of 2nd period - Stopped by Pekka Rinne without a rebound.
2:12 of 2nd period - Mikko Koivu wins face-off versus Sean Couturier in Predators zone.
3:07 of 2nd period - Shot by Steven Stamkos.
3:07 of 2nd period - Shot Misses the Net.
3:09 of 2nd period - Shot by Rostislav Klesla.
3:09 of 2nd period - Shot Misses the Net.
3:13 of 2nd period - Shot by Wayne Simmonds.
3:13 of 2nd period - Shot Hit the Post.
3:15 of 2nd period - Shot by Steven Stamkos.
3:15 of 2nd period - Stopped by Henrik Lundqvist without a rebound.
3:16 of 2nd period - Brandon Sutter wins face-off versus Paul Gaustad in Canucks zone.
3:31 of 2nd period - Shot by Nick Foligno.
3:31 of 2nd period - Shot Blocked by Paul Gaustad.
4:20 of 2nd period - Shot by Loui Eriksson.
4:20 of 2nd period - Shot Blocked by Deryk Engelland.
4:44 of 2nd period - Shot by Corey Perry.
4:44 of 2nd period - Shot Misses the Net.
4:46 of 2nd period - Shot by Henrik Zetterberg.
4:46 of 2nd period - Stopped by Pekka Rinne without a rebound.
4:47 of 2nd period - Brooks Laich wins face-off versus Sean Couturier in Predators zone.
4:51 of 2nd period - Minor Penalty to Brooks Laich for Interference.
4:52 of 2nd period - Ryan OReilly wins face-off versus Mikhail Grabovski in Canucks zone.
4:58 of 2nd period - Icing by Mikhail Grabovski.
4:59 of 2nd period - Mikhail Grabovski wins face-off versus Ryan OReilly in Predators zone.
5:28 of 2nd period - Shot by Max Pacioretty.
5:28 of 2nd period - Stopped by Henrik Lundqvist without a rebound.
5:29 of 2nd period - Ryan OReilly wins face-off versus Nicklas Backstrom in Canucks zone.
5:29 of 2nd period - Dmitry Kulikov is hit by Steven Stamkos and loses puck.
5:34 of 2nd period - Shot by Nicklas Backstrom.
5:34 of 2nd period - Stopped by Henrik Lundqvist without a rebound.
5:35 of 2nd period - Maxime Talbot wins face-off versus Mikhail Grabovski in Canucks zone.
6:24 of 2nd period - Marco Scandella is hit by Wayne Simmonds and loses puck.
6:34 of 2nd period - Steven Stamkos is hit by Dmitry Kulikov and loses puck.
6:54 of 2nd period - Nicklas Backstrom is hit by Matt Carle and loses puck.
7:01 of 2nd period - Shot by Nicklas Backstrom.
7:01 of 2nd period - Shot Misses the Net.
7:03 of 2nd period - Shot by Roman Polak.
7:03 of 2nd period - Stopped by Henrik Lundqvist without a rebound.
7:04 of 2nd period - Paul Gaustad wins face-off versus Brandon Sutter in Canucks zone.
7:08 of 2nd period - Wayne Simmonds is hit by Erik Karlsson and loses puck.
7:47 of 2nd period - Shot by Max Pacioretty.
7:47 of 2nd period - Goal by Max Pacioretty - Predators : 4 - Canucks : 1.
7:47 of 2nd period - Mike Murphy enters game.
7:48 of 2nd period - Henrik Zetterberg wins face-off versus Sean Couturier in neutral zone.
7:52 of 2nd period - Dmitry Kulikov is hit by Braydon Coburn and loses puck.
8:09 of 2nd period - Shot by Loui Eriksson.
8:09 of 2nd period - Stopped by Pekka Rinne without a rebound.
8:10 of 2nd period - Brooks Laich wins face-off versus Nicklas Backstrom in Predators zone.
8:10 of 2nd period - Brooks Laich is hit by Rostislav Klesla.
8:18 of 2nd period - Shot by Ryan OReilly.
8:18 of 2nd period - Shot Misses the Net.
8:24 of 2nd period - Ryan OReilly is hit by Shea Weber and loses puck.
8:27 of 2nd period - Shot by Maxime Talbot.
8:27 of 2nd period - Shot Misses the Net.
8:29 of 2nd period - Shot by Ryan OReilly.
8:29 of 2nd period - Shot Misses the Net.
8:31 of 2nd period - Shot by Maxime Talbot.
8:31 of 2nd period - Goal by Maxime Talbot - Predators : 4 - Canucks : 2.
8:32 of 2nd period - Marian Gaborik wins face-off versus Mikko Koivu in neutral zone.
8:55 of 2nd period - Shot by Max Pacioretty.
8:55 of 2nd period - Shot Misses the Net.
8:57 of 2nd period - Shot by Jeff Petry.
8:57 of 2nd period - Stopped by Mike Murphy without a rebound.
8:58 of 2nd period - Mikhail Grabovski wins face-off versus Henrik Zetterberg in Canucks zone.
9:08 of 2nd period - Minor Penalty to Erik Karlsson for Diving.
9:08 of 2nd period - Minor Penalty to Wayne Simmonds for Interference.
9:09 of 2nd period - Steven Stamkos wins face-off versus Brandon Sutter in Canucks zone.
9:24 of 2nd period - Shot by Corey Perry.
9:24 of 2nd period - Stopped by Pekka Rinne with a rebound.
9:26 of 2nd period - Shot by Corey Perry.
9:26 of 2nd period - Deflect By Brandon Sutter.
9:26 of 2nd period - Goal by Brandon Sutter - Predators : 4 - Canucks : 3.
9:27 of 2nd period - Brandon Sutter wins face-off versus Jeff Carter in neutral zone.
10:49 of 2nd period - Shot by Ryan OReilly.
10:49 of 2nd period - Stopped by Pekka Rinne with a rebound.
11:12 of 2nd period - Icing by Rostislav Klesla.
11:13 of 2nd period - Mikko Koivu wins face-off versus Sean Couturier in Predators zone.
11:26 of 2nd period - Shot by Marian Gaborik.
11:26 of 2nd period - Stopped by Mike Murphy with a rebound.
11:28 of 2nd period - Shot by Max Pacioretty.
11:28 of 2nd period - Goal by Max Pacioretty - Predators : 5 - Canucks : 3.
11:29 of 2nd period - Paul Gaustad wins face-off versus Henrik Zetterberg in neutral zone.
11:37 of 2nd period - Shot by Paul Gaustad.
11:37 of 2nd period - Shot Misses the Net.
12:21 of 2nd period - Shot by Marian Gaborik.
12:21 of 2nd period - Shot Misses the Net.
12:23 of 2nd period - Shot by Marian Gaborik.
12:23 of 2nd period - Stopped by Mike Murphy without a rebound.
12:24 of 2nd period - Sean Couturier wins face-off versus Mikko Koivu in Canucks zone.
12:37 of 2nd period - Shot by Phil Kessel.
12:37 of 2nd period - Stopped by Pekka Rinne with a rebound.
12:45 of 2nd period - Shot by Marian Gaborik.
12:45 of 2nd period - Shot Misses the Net.
13:08 of 2nd period - Sean Couturier is hit by Mikko Koivu and loses puck.
13:43 of 2nd period - Shot by Brooks Laich.
13:43 of 2nd period - Shot Misses the Net.
13:58 of 2nd period - Icing by Zbynek Michalek.
13:59 of 2nd period - Mikhail Grabovski wins face-off versus Henrik Zetterberg in Predators zone.
14:04 of 2nd period - Loui Eriksson is hit by Wayne Simmonds and loses puck.
14:23 of 2nd period - Shot by Loui Eriksson.
14:23 of 2nd period - Stopped by Pekka Rinne without a rebound.
14:24 of 2nd period - Nicklas Backstrom wins face-off versus Brooks Laich in Predators zone.
14:38 of 2nd period - Shot by Brooks Laich.
14:38 of 2nd period - Shot Misses the Net.
14:56 of 2nd period - Shot by Nicklas Backstrom.
14:56 of 2nd period - Shot Misses the Net.
15:31 of 2nd period - Ryan OReilly is hit by Jeff Petry and loses puck.
15:58 of 2nd period - Shot by Marian Gaborik.
15:58 of 2nd period - Shot Blocked by Radek Martinek.
16:00 of 2nd period - Shot by Braydon Coburn.
16:00 of 2nd period - Stopped by Mike Murphy without a rebound.
16:01 of 2nd period - Henrik Zetterberg wins face-off versus Mikhail Grabovski in Canucks zone.
18:10 of 2nd period - Shea Weber is hit by Kris Russell and loses puck.
18:42 of 2nd period - Minor Penalty to Marian Gaborik for Holding.
18:43 of 2nd period - Henrik Zetterberg wins face-off versus Sean Couturier in Predators zone.
18:43 of 2nd period - Phil Kessel is hit by Braydon Coburn and loses puck.
18:53 of 2nd period - Erik Karlsson is hit by Deryk Engelland and loses puck.
19:08 of 2nd period - Shot by Erik Karlsson.
19:08 of 2nd period - Deflect By Henrik Zetterberg.
19:08 of 2nd period - Stopped by Pekka Rinne without a rebound.
19:09 of 2nd period - Mikko Koivu wins face-off versus Sean Couturier in Predators zone.
19:10 of 2nd period - Shot by Matt Carle.
19:10 of 2nd period - Stopped by Pekka Rinne with a rebound.
19:12 of 2nd period - Shot by Corey Perry.
19:12 of 2nd period - Shot Misses the Net.
19:25 of 2nd period - Off-side.
19:26 of 2nd period - Sean Couturier wins face-off versus Henrik Zetterberg in neutral zone.

3rd period


0:01 of 3rd period - Henrik Zetterberg wins face-off versus Sean Couturier in neutral zone.
0:04 of 3rd period - Shot by Alex Pietrangelo.
0:04 of 3rd period - Stopped by Pekka Rinne without a rebound.
0:05 of 3rd period - Sean Couturier wins face-off versus Henrik Zetterberg in Predators zone.
0:16 of 3rd period - Shot by Loui Eriksson.
0:16 of 3rd period - Stopped by Pekka Rinne with a rebound.
0:18 of 3rd period - Shot by Alex Pietrangelo.
0:18 of 3rd period - Shot Misses the Net.
0:20 of 3rd period - Shot by Alex Pietrangelo.
0:20 of 3rd period - Stopped by Pekka Rinne without a rebound.
0:21 of 3rd period - Mikko Koivu wins face-off versus Sean Couturier in Predators zone.
0:22 of 3rd period - Shot by Matt Carle.
0:22 of 3rd period - Shot Misses the Net.
0:24 of 3rd period - Shot by Valtteri Filppula.
0:24 of 3rd period - Shot Blocked by Roman Polak.
0:26 of 3rd period - Shot by Matt Carle.
0:26 of 3rd period - Shot Blocked by Roman Polak.
1:54 of 3rd period - Icing by Braydon Coburn.
1:55 of 3rd period - Sean Couturier wins face-off versus Mikko Koivu in Predators zone.
2:10 of 3rd period - Shot by Max Pacioretty.
2:10 of 3rd period - Stopped by Mike Murphy without a rebound.
2:11 of 3rd period - Henrik Zetterberg wins face-off versus Nicklas Backstrom in Canucks zone.
2:18 of 3rd period - Shot by Loui Eriksson.
2:18 of 3rd period - Stopped by Pekka Rinne without a rebound.
2:19 of 3rd period - Henrik Zetterberg wins face-off versus Sean Couturier in Predators zone.
2:37 of 3rd period - Icing by Braydon Coburn.
2:38 of 3rd period - Mikko Koivu wins face-off versus Sean Couturier in Predators zone.
2:38 of 3rd period - Mikko Koivu is hit by Braydon Coburn.
3:03 of 3rd period - Icing by Jeff Petry.
3:04 of 3rd period - Henrik Zetterberg wins face-off versus Sean Couturier in Predators zone.
3:04 of 3rd period - Loui Eriksson is hit by Braydon Coburn and loses puck.
3:16 of 3rd period - Loui Eriksson is hit by Braydon Coburn and loses puck.
3:18 of 3rd period - Minor Penalty to Henrik Zetterberg for Interference.
3:19 of 3rd period - Nicklas Backstrom wins face-off versus Brooks Laich in Canucks zone.
3:34 of 3rd period - Steven Stamkos is hit by Alex Pietrangelo and loses puck.
3:35 of 3rd period - Minor Penalty to Erik Karlsson for Cross-checking.
3:36 of 3rd period - Brandon Sutter wins face-off versus Mikhail Grabovski in Canucks zone.
4:13 of 3rd period - Shot by Marian Gaborik.
4:13 of 3rd period - Shot Blocked by Brandon Sutter.
4:26 of 3rd period - Icing by Braydon Coburn.
4:27 of 3rd period - Brooks Laich wins face-off versus Nicklas Backstrom in Predators zone.
5:01 of 3rd period - Icing by Braydon Coburn.
5:02 of 3rd period - Steven Stamkos wins face-off versus Brandon Sutter in Predators zone.
5:02 of 3rd period - Steven Stamkos is hit by Dmitry Kulikov.
5:18 of 3rd period - Shot by Jeff Petry.
5:18 of 3rd period - Shot Blocked by Alex Pietrangelo.
6:04 of 3rd period - Shot by Marian Gaborik.
6:04 of 3rd period - Shot Misses the Net.
6:25 of 3rd period - Icing by Roman Polak.
6:26 of 3rd period - Sean Couturier wins face-off versus Loui Eriksson in Predators zone.
7:03 of 3rd period - Shot by Loui Eriksson.
7:03 of 3rd period - Shot Blocked by Rostislav Klesla.
7:09 of 3rd period - Shot by Loui Eriksson.
7:09 of 3rd period - Shot Misses the Net.
7:11 of 3rd period - Shot by Loui Eriksson.
7:11 of 3rd period - Shot Misses the Net.
7:39 of 3rd period - Braydon Coburn is hit by Brooks Laich and loses puck.
9:26 of 3rd period - Shot by Corey Perry.
9:26 of 3rd period - Shot Blocked by Braydon Coburn.
9:28 of 3rd period - Shot by Radek Martinek.
9:28 of 3rd period - Shot Misses the Net.
9:30 of 3rd period - Shot by Loui Eriksson.
9:30 of 3rd period - Stopped by Pekka Rinne without a rebound.
9:31 of 3rd period - Brooks Laich wins face-off versus Marian Gaborik in Predators zone.
10:02 of 3rd period - Shot by Marian Gaborik.
10:02 of 3rd period - Deflect By Max Pacioretty.
10:02 of 3rd period - Shot Misses the Net.
10:55 of 3rd period - Shot by Henrik Zetterberg.
10:55 of 3rd period - Shot Blocked by Roman Polak.
11:03 of 3rd period - Shot by Loui Eriksson.
11:03 of 3rd period - Stopped by Pekka Rinne with a rebound.
11:05 of 3rd period - Shot by Matt Carle.
11:05 of 3rd period - Stopped by Pekka Rinne without a rebound.
11:06 of 3rd period - Phil Kessel wins face-off versus Paul Gaustad in Predators zone.
11:14 of 3rd period - Minor Penalty to Deryk Engelland for Hooking.
11:15 of 3rd period - Sean Couturier wins face-off versus Mikko Koivu in Predators zone.
11:38 of 3rd period - Shot by Alex Pietrangelo.
11:38 of 3rd period - Stopped by Pekka Rinne with a rebound.
11:40 of 3rd period - Shot by Alex Pietrangelo.
11:40 of 3rd period - Stopped by Pekka Rinne without a rebound.
11:41 of 3rd period - Henrik Zetterberg wins face-off versus Sean Couturier in Predators zone.
11:42 of 3rd period - Shot by Matt Carle.
11:42 of 3rd period - Shot Misses the Net.
11:54 of 3rd period - Braydon Coburn is hit by Henrik Zetterberg and loses puck.
12:01 of 3rd period - Shot by Dmitry Kulikov.
12:01 of 3rd period - Stopped by Pekka Rinne without a rebound.
12:02 of 3rd period - Mikko Koivu wins face-off versus Sean Couturier in Predators zone.
12:19 of 3rd period - Shot by Erik Karlsson.
12:19 of 3rd period - Shot Misses the Net.
12:29 of 3rd period - Shot by Erik Karlsson.
12:29 of 3rd period - Shot Misses the Net.
12:31 of 3rd period - Shot by Alex Pietrangelo.
12:31 of 3rd period - Shot Blocked by Roman Polak.
12:33 of 3rd period - Shot by Erik Karlsson.
12:33 of 3rd period - Shot Misses the Net.
13:07 of 3rd period - Shot by Phil Kessel.
13:07 of 3rd period - Deflect By Henrik Zetterberg.
13:07 of 3rd period - Stopped by Pekka Rinne without a rebound.
13:08 of 3rd period - Henrik Zetterberg wins face-off versus Sean Couturier in Predators zone.
13:22 of 3rd period - Icing by Shea Weber.
13:23 of 3rd period - Brooks Laich wins face-off versus Sean Couturier in Predators zone.
13:23 of 3rd period - Matt Carle is hit by Shea Weber and loses puck.
13:29 of 3rd period - Shea Weber is hit by Dmitry Kulikov and loses puck.
13:40 of 3rd period - Marian Gaborik is hit by Brooks Laich and loses puck.
13:52 of 3rd period - Marian Gaborik is hit by Dmitry Kulikov and loses puck.
14:27 of 3rd period - Off-side.
14:28 of 3rd period - Henrik Zetterberg wins face-off versus Mikhail Grabovski in neutral zone.
14:45 of 3rd period - Shot by Corey Perry.
14:45 of 3rd period - Stopped by Pekka Rinne without a rebound.
14:46 of 3rd period - Mikko Koivu wins face-off versus Nicklas Backstrom in Predators zone.
15:04 of 3rd period - Roman Polak is hit by Mikko Koivu and loses puck.
15:43 of 3rd period - Corey Perry is hit by Patric Hornqvist.
15:55 of 3rd period - Shot by Henrik Zetterberg.
15:55 of 3rd period - Shot Misses the Net.
15:57 of 3rd period - Shot by Corey Perry.
15:57 of 3rd period - Shot Misses the Net.
17:04 of 3rd period - Icing by Brooks Laich.
17:05 of 3rd period - Brooks Laich wins face-off versus Marian Gaborik in Canucks zone.
17:31 of 3rd period - Shot by Ryan OReilly.
17:31 of 3rd period - Shot Blocked by Shea Weber.
17:44 of 3rd period - Marian Gaborik is hit by Dmitry Kulikov and loses puck.
18:17 of 3rd period - Icing by Braydon Coburn.
18:18 of 3rd period - Wayne Simmonds wins face-off versus Henrik Zetterberg in Predators zone.
18:40 of 3rd period - Minor Penalty to Braydon Coburn for Roughing.
18:41 of 3rd period - Sean Couturier wins face-off versus Mikko Koivu in Predators zone.
19:06 of 3rd period - Icing by Alex Pietrangelo.
19:07 of 3rd period - Mikko Koivu wins face-off versus Sean Couturier in Canucks zone.
19:22 of 3rd period - Shot by Erik Karlsson.
19:22 of 3rd period - Shot Blocked by Jeff Carter.


Output by the SimonT Hockey Simulator (STHS) for Stephane Roy -- Original Page W3C XHTML 1.0 Valid
Hockey Simulator - Hockey Simulation - Hockey Manager